 Dungeon Crawl Stone Soup version 0.27.1-1-g398f81649c (webtiles) character file.

Game seed: 7953397726623754135

292 ABBCCCDDDD the Skirmisher (level 6, -2/46 HPs)
             Began as an Octopode Brigand on Sept 12, 2021.
             Was a Believer of Qazlal.
             Slain by a bullfrog (8 damage)
             ... on level 4 of the Dungeon.
             The game lasted 00:04:03 (3915 turns).

ABBCCCDDDD the Skirmisher (Octopode Brigand)        Turns: 3915, Time: 00:04:04

Health: -2/46      AC:  1    Str: 12    XL:     6   Next: 33%
Magic:  7/7        EV: 12    Int: 16    God:    Qazlal [**....]
Gold:   146        SH:  3    Dex: 13    Spells: 5/5 levels left

rFire    . . .     SeeInvis .   a - +2 dagger
rCold    . . .     Faith    .   (no shield)
rNeg     . . .     Spirit   .   (helmet restricted)
rPois    .         Reflect  .   (no amulet)
rElec    .         Harm     .   d - ring of willpower
rCorr    .         Rampage  .   i - ring of flight
Will     +....                  (no ring)
Stlth    +++.......             (no ring)
HPRegen  0.15/turn              (no ring)
MPRegen  0.10/turn              (no ring)
                                (no ring)
                                (no ring)

@: flying, hasted, very quick
A: almost no armour, amphibious, 8 rings, camouflage 1, gelatinous body 1,
(nimble swimmer 1), tentacles, strong 1, subdued magic 1
a: Renounce Religion, Upheaval


You were on level 4 of the Dungeon.
You worshipped Qazlal.
Qazlal was pleased with you.
You visited 1 branch of the dungeon, and saw 4 of its levels.

You collected 146 gold pieces.

Inventory:

Hand Weapons
 a - a +2 dagger (weapon)
Missiles
 b - 8 poisoned darts (quivered)
Jewellery
 d - a ring of willpower (left tentacle)
 i - a ring of flight (right tentacle)
Scrolls
 g - a scroll of amnesia {unknown}
 k - a scroll of noise {unknown}
 l - a scroll of fog {unknown}
 n - a scroll of enchant armour {unknown}
Potions
 e - a potion of mutation
 f - a potion of attraction {unknown}
 h - a potion of magic {unknown}
 j - a potion of lignification {unknown}
 m - a potion of resistance {unknown}


   Skills:
 + Level 5.9 Fighting
 - Level 2.0 Short Blades
 - Level 2.0 Throwing
 - Level 1.0 Dodging
 - Level 5.3 Stealth
 + Level 2.6 Invocations


You had 5 spell levels left.
You didn't know any spells.
Your spell library was empty.

Dungeon Overview and Level Annotations

Branches:
Dungeon (4/15)
 Temple: D:4-7

Altars:
Gozag
Okawaru
Qazlal
Zin

Shops:
D:1 ?

Annotations:
D:3 Sigmund


Innate Abilities, Weirdness & Mutations

You cannot wear most types of armour.
You are amphibious.
You can wear up to eight rings at the same time.
Your skin changes colour to match your surroundings (Stealth+).
Your rubbery body absorbs attacks. (AC +1, EV +1)
((You are camouflaged near water. (Stealth+)))
You have tentacles for arms and can constrict up to eight enemies at once.
Your muscles are strong. (Str +2)
Your spells are a little easier to cast, but a little less powerful.


Message History

Qazlal accepts your kill.
You feel sick. The adder completely misses you.
You hit the adder. Your grab misses the adder.
The adder is moderately wounded.
You feel sick. The adder barely misses you. The adder bites you.
You are more poisoned.
The adder poisons you!
You hit the adder. Your grab misses the adder. You squeeze the adder.
The adder is severely wounded.
You feel sick. The adder bites you.
You hit the adder.
You kill the adder!
Qazlal accepts your kill.
You feel sick.
You start resting.
You feel sick. x6
You are no longer poisoned.
You start resting.
A bullfrog comes into view.
A bullfrog is nearby!
The bullfrog croaks.
You hit the bullfrog. Your grab misses the bullfrog.
Your squeeze misses the bullfrog.
The bullfrog is lightly wounded.
The bullfrog hits you.
You hit the bullfrog. You grab the bullfrog.
The bullfrog is moderately wounded.
You constrict the bullfrog. The bullfrog hits you!
* * * LOW HITPOINT WARNING * * *
The bullfrog hits you!
* * * LOW HITPOINT WARNING * * *
You hit the bullfrog.
The bullfrog is heavily wounded.
You constrict the bullfrog. You block the bullfrog's attack.
It was a potion of mutation.
You feel extremely strange.
You feel stronger.
Your connection to magic feels subdued.
You constrict the bullfrog. The bullfrog barely misses you.
It was a potion of haste.
You feel yourself speed up.
You constrict the bullfrog. The bullfrog closely misses you.
The bullfrog hits you!
You die...

#....>......[..##....#
..#.....#.##.....#....#
#....##.#.##..........#
##.#..#.#.####...#....#####
...........####..#.........
..............##...........
......##............(......
...##. ###F#...####........
.. ...###@#.#..####.......
. .......ยง......#####.....
....#........#..## ##....
#........##..# ##....
#........###.###..#..
#.................#..
.............).....###
.......................
###........#########...


You could see a bullfrog.

Levels and vault maps discovered:
D:1:      minmay_arrival_checkered_box, layout_loops_corners, serial_shops,
          nicolae_square_shop
D:2:      layout_basic, basic_altar,
          hellmonk_ecumenical_altar_pennies_from_heaven, hex_large,
          mrwooster_statue_mirror, corexii_hall_statues_i
D:3:      layout_basic, grunt_temple_overflow_diamond, minmay_distorted,
          uniq_jessica, uniq_sigmund
D:4:      layout_rooms, grunt_ministairs_9, minmay_misc_feat_chi,
          kennysheep_generic_room_5

Notes
Turn   | Place    | Note
-------+----------+-------------------------------------------
     0 | D:1      | ABBCCCDDDD the Octopode Brigand began the quest for the
                  | Orb.
     0 | D:1      | Reached XP level 1. HP: 14/14 MP: 1/1
    91 | D:1      | Found Zahaniac's Magic Scroll Emporium.
   250 | D:1      | Reached XP level 2. HP: 20/20 MP: 2/2
   514 | D:1      | You fall into a shaft and drop 1 floor!
   561 | D:2      | Reached XP level 3. HP: 26/26 MP: 3/3
   567 | D:2      | Found a faded altar of an unknown god.
   585 | D:2      | Became a worshipper of Qazlal Stormbringer
   585 | D:2      | Reached * piety under Qazlal
  1588 | D:2      | Found an iron altar of Okawaru.
  1843 | D:2      | Reached XP level 4. HP: 31/33 MP: 4/4
  2046 | D:3      | Noticed Jessica
  2060 | D:3      | Killed Jessica
  2397 | D:3      | Reached skill level 5 in Fighting
  2397 | D:3      | Reached XP level 5. HP: 22/39 MP: 5/5
  2709 | D:3      | Reached ** piety under Qazlal
  2767 | D:3      | Noticed Sigmund
  2824 | D:4      | Reached skill level 1 in Invocations
  3182 | D:3      | Found an iron altar of Okawaru.
  3185 | D:3      | Found a glowing silver altar of Zin.
  3189 | D:3      | Found an opulent altar of Gozag.
  3622 | D:3      | Reached XP level 6. HP: 41/45 MP: 7/7
  3914 | D:4      | Gained mutation: Your muscles are strong. (Str +2) [potion
                  | of mutation]
  3914 | D:4      | Gained mutation: Your spells are a little easier to cast,
                  | but a little less powerful. [potion of mutation]
  3915 | D:4      | Slain by a bullfrog

Table legend: (Time is in decaauts)
 A = Elapsed time spent in this place.
 B = Non-inter-level travel time spent in this place.
 C = Inter-level travel time spent in this place.
 D = Time resting spent in this place.
 E = Time spent auto-exploring this place.
 F = Levels seen in this place.
 G = Mean time per level.
                   A        B        C        D        E       F      G
               +--------+--------+--------+--------+--------+-----+--------+
         Total |   3899 |   3753 |    146 |    873 |   2315 |   4 |  974.8 |
       Dungeon |   3899 |   3753 |    146 |    873 |   2315 |   4 |  974.8 |
               +--------+--------+--------+--------+--------+-----+--------+

Top non-repeatable levels by time:
     D:3: 1374 daAuts
     D:1: 1175 daAuts
     D:2: 932 daAuts
     D:4: 416 daAuts

Table legend:
 A = Kills in this place as a percentage of kills in entire the game.
 B = Kills by you in this place as a percentage of kills by you in the entire game.
 C = Kills by friends in this place as a percentage of kills by friends in the entire game.
 D = Other kills in this place as a percentage of other kills in the entire game.
 E = Experience gained in this place as a percentage of experience gained in the entire game.
 F = Experience gained in this place divided by the number of levels of this place that you have seen.
                   A       B       C       D       E      F
               +-------+-------+-------+-------+-------+----------------------
         Total | 100.0 | 100.0 |   N/A |   N/A | 100.0 | 104.5
       Dungeon | 100.0 | 100.0 |   N/A |   N/A | 100.0 | 104.5
               +-------+-------+-------+-------+-------+----------------------

Action                   |  1- 3 |  4- 6 || total
-------------------------+-------+-------++-------
Melee: Dagger            |    68 |   105 ||   173
       Constrict         |    17 |    23 ||    40
       Tentacles         |     9 |    16 ||    25
Throw: Dart              |       |    10 ||    10
  Use: Potion            |       |     2 ||     2
 Stab: Sleeping          |     9 |       ||     9
Armor: Skin              |     9 |     3 ||    12
Dodge: Dodged            |    31 |    54 ||    85
Block: Other             |     5 |     6 ||    11

Vanquished Creatures
  A scorpion (D:4)
  Jessica (D:3)
  An iguana (D:4)
  An orc wizard (D:3)
  3 gnolls (D:4)
  5 adders
  A worm (D:2)
  2 dart slugs (D:3)
  3 orcs (D:3)
  2 bats (D:1)
  5 endoplasms
  8 giant cockroaches
  9 goblins
  10 hobgoblins
  2 kobolds
  2 quokkas
  5 ball pythons
  6 frilled lizards
  9 rats
76 creatures vanquished.
